 Dungeon Crawl Stone Soup version 0.19-a0-1008-g4c63d25 (webtiles) character file.

8845 Gruud the Martial Artist (level 11, -1/70 HPs)
             Began as a Demonspawn Transmuter on July 23, 2016.
             Was an Elder of Makhleb.
             Succumbed to a guardian serpent's bolt of poison
             ... on level 11 of the Dungeon.
             The game lasted 00:57:00 (12587 turns).

Gruud the Martial Artist (Demonspawn Transmuter)   Turns: 12587, Time: 00:57:01

Health: -1/70      AC:  9    Str: 16    XL:     11   Next: 15%
Magic:  13/13      EV: 16    Int: 16    God:    Makhleb [****..]
Gold:   26         SH:  0    Dex: 17    Spells: 4 memorised, 3 levels left

rFire  + + .     SeeInvis .       - Unarmed
rCold  + + .     Gourm    .     K - +2 leather armour {rC+}
rNeg   + . .     Faith    .     (no shield)
rPois  +         Spirit   .     g - +1 helmet of Freedom {rN+}
rElec  .         Dismiss  .     (no cloak)
rCorr  .         Reflect  .     F - +0 pair of gloves
SustAt .         Harm     .     (no boots)
MR     +....     Rnd*Rage +     V - amulet of magic regeneration
Stlth  +.........               w - ring of protection from magic
                                k - ring of protection from fire

@: mighty, lethally poisoned (-1 -> -7), drained, somewhat resistant to hostile
enchantments, very unstealthy
A: talons 2, molten scales 1, berserk 1, clever 1, cold resistance 1, fire
resistance 1, low mp 2, poison resistance, powered by death 1, powered by pain
3, regeneration 1, wild magic 1
a: Minor Destruction, Lesser Servant of Makhleb, Major Destruction, Renounce
Religion


You were on level 11 of the Dungeon.
You worshipped Makhleb.
Makhleb was greatly pleased with you.
You were very full.

You visited 2 branches of the dungeon, and saw 12 of its levels.
You visited 1 bazaar.
You also visited: Sewer and Bailey.

You collected 601 gold pieces.
You spent 575 gold pieces at shops.

Inventory:

Hand Weapons
 b - a +4 blowgun
 e - a +1 dagger of speed
 z - a +1 whip of venom
Missiles
 l - 12 curare-tipped needles
 o - 58 poisoned needles
 u - 319 arrows
 x - 2 throwing nets (quivered)
Armour
 g - the +1 helmet of Freedom (worn) {rN+}
   (You bought it in a shop on level 5 of the Dungeon)

   It protects you from negative energy.
 F - a +0 pair of gloves (worn)
 K - a +2 leather armour of cold resistance (worn)
 N - the +3 leather armour of Context {*Confuse rPois Int+9 Dex-4}
   (You bought it in a shop on level 5 of the Dungeon)

   It affects your intelligence (+9).
   It affects your dexterity (-4).
   It protects you from poison.
   It may confuse you when you take damage.
Jewellery
 j - an uncursed ring of positive energy
 k - a ring of protection from fire (left hand)
 t - an uncursed amulet of guardian spirit
 w - a ring of protection from magic (right hand)
 O - an uncursed amulet of the gourmand
 V - an amulet of magic regeneration (around neck)
Wands
 a - a wand of flame (24/48)
 p - a wand of digging (15/24)
 C - a wand of lightning (0/15)
 E - a wand of flame (22/48)
 H - a wand of iceblast (2/15)
 P - a wand of disintegration (16/24)
 R - a wand of iceblast (0/15)
 U - a wand of slowing (27/48)
Scrolls
 h - 3 scrolls of amnesia
 i - 3 scrolls of recharging
 n - 2 scrolls of identify
 r - 5 scrolls of teleportation
 s - a scroll of blinking
 y - 2 scrolls of fear
 G - a scroll of enchant armour
 I - 4 scrolls of remove curse
 S - 3 scrolls of magic mapping
 T - a scroll of fog
Potions
 q - a potion of haste
 J - a potion of flight
 L - a potion of resistance
Books
 c - a book of Changes

   Spells                             Type                      Level
   a - Beastly Appendage              Transmutation                1
   b - Sticks to Snakes               Transmutation                2
   c - Spider Form                    Transmutation/Poison         3
   d - Ice Form                       Ice/Transmutation            4
   e - Blade Hands                    Transmutation                5
Miscellaneous
 M - a lamp of fire (inert)
 Q - a phial of floods
Comestibles
 d - 10 bread rations
 f - 5 meat rations
 m - a slice of pizza
 v - 8 fruits
 A - 6 beef jerkies
 B - 10 chunks of flesh


   Skills:
 - Level 1.0(0.6) Fighting
 + Level 7.4(7.0) Dodging
 * Level 10.8(10.3) Unarmed Combat
 - Level 3.7(3.3) Spellcasting
 + Level 8.3(7.9) Transmutations
 + Level 5.8(5.4) Invocations


You had 3 spell levels left.
You knew the following spells:

 Your Spells              Type           Power        Failure   Level  Hunger
a - Blade Hands           Tmut           #####.....   36%         5    ######.
b - Sticks to Snakes      Tmut           #####...     2%          2    ##.....
c - Spider Form           Tmut/Pois      ###.......   21%         3    ###....
d - Ice Form              Ice/Tmut       ###.....     58%         4    ####...


Dungeon Overview and Level Annotations

Branches:
Dungeon (11/15)            Temple (1/1) D:4            Lair (0/6) D:11
    Orc: D:9-12

Altars:
Ashenzari
Cheibriados
Dithmenos
Elyvilon
Fedhas
Gozag
Hepliaklqana
Kikubaaqudgha
Makhleb
Nemelex Xobeh
Okawaru
Pakellas
Qazlal
Ru
Sif Muna
Trog
Uskayaw
Vehumet
Xom
Yredelemnul
Zin
The Shining One

Shops:
D:5 [   D:10 !

Annotations:
D:11 epen's ghost, journeyman MfTm


Innate Abilities, Weirdness & Mutations

You have razor-sharp toenails.
You are partially covered in molten scales. (AC +1)
You regenerate a little health from kills.
You are powered by pain.
You tend to lose your temper in combat.
Your mind is acute. (Int +2)
Your flesh is cold resistant. (rC+)
Your flesh is heat resistant. (rF+)
Your magical capacity is very low. (-20% MP)
Your system is resistant to poisons. (rPois)
Your natural rate of healing is unusually fast.
Your spells are a little harder to cast, but a little more powerful.


Message History

Items here: )) [[ a war axe; a robe; a flail; a robe
Okay, then.
* * * LOW HITPOINT WARNING * * *
You feel sick.
* * * LOW HITPOINT WARNING * * *
You feel sick.
* * * LOW HITPOINT WARNING * * *
You feel sick.
It was a potion of might.
You feel very mighty all of a sudden.
* * * LOW HITPOINT WARNING * * *
You feel sick.
Evoke which item? (* to show all) (? for menu, Esc to quit)
Zapping:
R - a wand of iceblast {zapped: 5} (will waste charges)
Press: ? - help, Shift-Dir - straight line The mass of ice explodes!
You hear a shout! x2
Evoking this partially-identified wand wasted a few charges.
You die...

####### # ...#
##..#####.# #S.S....))#
###..#+##...# #... #...#
#.#.. #.#)# .....####)#.#
#......#.###########
###@####.Y.........# #
#................. ##
.#.#####.####)##.....>#.#
.# .[........#
#.##.######.# .#
#..........# #.##.# #..
.### #..#.#.###.# #.##.#
#.# ...#
#..#.#.###.###.##.# #.#
##.# #..#...........##..
#.# #.#
#..###.###.######## #..


There were no monsters in sight!

Vanquished Creatures
  An unseen horror (D:10)
  2 hill giants (D:11)
  The ghost of Multipenetrator the Magician, a novice HECj (D:5)
  A troll (D:11)
  A merfolk (D:10)
  A two-headed ogre (D:11)
  A wraith (D:10)
  A wyvern (D:10)
  The ghost of Aquadorian the Sneak, an amateur VSEn (D:4)
  2 hungry ghosts
  A hippogriff (D:7)
  2 water moccasins
  4 sky beasts
  3 black bears
  2 orc warriors (D:9)
  2 ice beasts
  A phantom (D:9)
  5 ogres
  An eye of draining (D:8)
  A wasp (D:8)
  9 centaurs
  A big kobold (D:7)
  7 giant frogs
  2 scorpions
  9 killer bees (D:7)
  5 wights (D:11)
  3 howler monkeys (D:8)
  A wasp zombie (D:9)
  2 crimson imps
  A giant frog zombie (D:11)
  2 centaur zombies
  A quasit (D:7)
  7 hounds
  3 jellies
  5 orc priests
  10 orc wizards
  3 iguanas
  Jessica (D:3)
  A centaur skeleton (D:7)
  A giant frog skeleton (D:10)
  Terence (D:3)
  Natasha (thrice) (D:3)
  A worker ant (D:4)
  A hound zombie (D:9)
  Robin (D:2)
  2 worker ant zombies
  12 gnolls
  3 river rats
  11 adders
  An ooze (D:4)
  An adder skeleton (D:6)
  4 worms
  A dart slug (D:2)
  2 giant geckos
  45 orcs
  6 bats
  5 giant cockroaches
  12 goblins
  16 hobgoblins
  23 jackals
  4 quokkas
  8 ball pythons
  A giant gecko skeleton (D:4)
  12 giant newts
  A jackal zombie (D:7)
  15 kobolds
  18 rats
318 creatures vanquished.

Vanquished Creatures (collateral kills)
  An adder skeleton (D:8)
  A goblin (D:2)
2 creatures vanquished.

Grand Total: 320 creatures vanquished

Notes
Turn   | Place    | Note
-------+----------+-------------------------------------------
     0 | D:1      | Gruud the Demonspawn Transmuter began the quest for the Orb.
     0 | D:1      | Reached XP level 1. HP: 15/15 MP: 3/3
   339 | D:1      | Mutation became permanent: You have claws for feet. [demonic ancestry]
   339 | D:1      | Reached XP level 2. HP: 21/21 MP: 3/5
   343 | D:1      | Learned a level 2 spell: Sticks to Snakes
   781 | D:2      | Noticed Robin
  1002 | D:2      | Gained mutation: You are partially covered in molten scales. (AC +1) [demonic ancestry]
  1002 | D:2      | Reached XP level 3. HP: 8/26 MP: 4/6
  1008 | D:2      | Learned a level 3 spell: Spider Form
  1659 | D:2      | Killed Robin
  1683 | D:2      | Gained mutation: You sometimes gain a little power by taking damage. [demonic ancestry]
  1683 | D:2      | Reached XP level 4. HP: 14/32 MP: 4/7
  2628 | D:3      | Noticed Natasha
  2637 | D:3      | Killed Natasha
  2694 | D:3      | Noticed Jessica
  2698 | D:3      | Killed Jessica
  2698 | D:3      | Reached XP level 5. HP: 31/37 MP: 4/8
  2776 | D:3      | Reached skill level 5 in Transmutations
  3054 | D:3      | Noticed Terence
  3063 | D:3      | Killed Terence
  3063 | D:3      | Reached skill level 3 in Unarmed Combat
  3099 | D:3      | Noticed Natasha
  3107 | D:3      | Killed Natasha
  3107 | D:3      | Reached XP level 6. HP: 31/43 MP: 4/9
  3256 | D:3      | Noticed Natasha
  3262 | D:3      | Killed Natasha
  3687 | D:4      | Reached skill level 4 in Unarmed Combat
  3701 | D:4      | Noticed Aquadorian's ghost (amateur VSEn)
  3702 | D:4      | Found a staircase to the Ecumenical Temple.
  3900 | D:4      | Gained mutation: You sometimes gain power by taking damage. [demonic ancestry]
  3900 | D:4      | Reached XP level 7. HP: 47/48 MP: 3/10
  3964 | Temple   | Entered the Ecumenical Temple
  4256 | D:5      | Entered Level 5 of the Dungeon
  4259 | D:5      | Noticed Multipenetrator's ghost (novice HECj)
  4268 | D:4      | Learned a level 5 spell: Blade Hands
  4327 | D:5      | Killed Multipenetrator's ghost
  4327 | D:5      | Reached skill level 5 in Unarmed Combat
  4410 | D:5      | Reached skill level 6 in Unarmed Combat
  4525 | D:5      | Gained mutation: You have razor-sharp toenails. [demonic ancestry]
  4525 | D:5      | Reached XP level 8. HP: 32/54 MP: 7/11
  4657 | D:5      | Found a glowing drain.
  4713 | Sewer    | Entered a sewer
  5323 | D:5      | Found Teinkim's Antique Armour Emporium.
  5455 | D:4      | Killed Aquadorian's ghost
  5534 | D:4      | Found a radiant altar of Vehumet.
  6061 | D:5      | Reached skill level 7 in Unarmed Combat
  6156 | D:5      | Reached skill level 5 in Dodging
  6163 | D:5      | Gained mutation: You tend to lose your temper in combat. [mutagenic meat]
  6166 | D:5      | Gained mutation: Your spells are a little harder to cast, but a little more powerful. [mutagenic meat]
  6169 | D:5      | Gained mutation: You are agile. (Dex +2) [mutagenic meat]
  6172 | D:5      | Gained mutation: You are very agile. (Dex +4) [mutagenic meat]
  6175 | D:5      | Lost mutation: You are very agile. (Dex +4) [mutagenic meat]
  6398 | D:6      | Gained mutation: You often lose your temper in combat. [potion of mutation]
  6398 | D:6      | Lost mutation: You are agile. (Dex +2) [potion of mutation]
  6398 | D:6      | Gained mutation: Your natural rate of healing is unusually fast. [potion of mutation]
  6523 | D:6      | Found a bloodstained altar of Trog.
  6525 | D:6      | Found a deep blue altar of Sif Muna.
  6528 | D:6      | Found a white marble altar of Elyvilon.
  6668 | D:6      | Found a sacrificial altar of Ru.
  6679 | D:6      | Found a burning altar of Makhleb.
  6683 | D:6      | Became a worshipper of Makhleb the Destroyer
  6738 | D:6      | Found a shimmering altar of Xom.
  6856 | D:6      | Found a blossoming altar of Fedhas.
  7043 | D:7      | Gained mutation: You are powered by pain. [demonic ancestry]
  7043 | D:7      | Reached XP level 9. HP: 56/59 MP: 7/14
  7083 | D:5      | Bought a faintly glowing helmet for 237 gold pieces
  7093 | D:5      | Identified the +1 helmet of Freedom {rN+} (You bought it in a shop on level 5 of the Dungeon)
  7249 | D:7      | Learned a level 4 spell: Ice Form
  7267 | D:7      | Reached * piety under Makhleb
  7307 | D:7      | Found a bloodstained altar of Trog.
  7457 | D:7      | Reached skill level 8 in Unarmed Combat
  7851 | D:7      | Reached ** piety under Makhleb
  7885 | D:7      | Lost mutation: You often lose your temper in combat. [mutagenic meat]
  7888 | D:7      | Gained mutation: Your magical capacity is low. (-10% MP) [mutagenic meat]
  8316 | D:8      | Reached skill level 9 in Unarmed Combat
  8426 | D:8      | Found a flagged portal.
  8509 | Bailey   | Entered a bailey
  8534 | Bailey   | Noticed Charly's ghost (novice GrBe)
  8655 | D:8      | Reached *** piety under Makhleb
  8729 | D:8      | Gained mutation: You regenerate a little health from kills. [demonic ancestry]
  8729 | D:8      | Reached XP level 10. HP: 65/65 MP: 1/14
  9413 | D:9      | Reached skill level 1 in Invocations
  9855 | D:9      | Gained mutation: Your mind is acute. (Int +2) [mutagenic meat]
  9858 | D:9      | Gained mutation: Your flesh is cold resistant. (rC+) [mutagenic meat]
  9861 | D:9      | Gained mutation: Your system is resistant to poisons. (rPois) [mutagenic meat]
  9867 | D:9      | Gained mutation: Your flesh is heat resistant. (rF+) [mutagenic meat]
  9870 | D:9      | Gained mutation: Your magical capacity is very low. (-20% MP) [mutagenic meat]
 10105 | D:9      | Reached **** piety under Makhleb
 10408 | D:5      | Bought an ancient leather armour for 175 gold pieces
 10418 | D:5      | Identified the +3 leather armour of Context {*Confuse rPois Int+9 Dex-4} (You bought it in a shop on level 5 of the Dungeon)
 10526 | D:10     | Entered Level 10 of the Dungeon
 10651 | D:10     | Reached skill level 10 in Unarmed Combat
 11220 | D:10     | Found Riri's Distillery.
 11225 | D:10     | Bought a potion of heal wounds for 65 gold pieces
 11403 | D:10     | HP: 3/65 [something (10)]
 11412 | D:10     | Killed an unseen horror
 11668 | D:11     | Noticed a hill giant
 11679 | D:11     | Killed a hill giant
 11679 | D:11     | Reached skill level 5 in Invocations
 11719 | D:11     | Noticed epen's ghost (journeyman MfTm)
 12042 | D:11     | Reached XP level 11. HP: 47/70 MP: 13/13
 12097 | D:11     | Found a flickering gateway to a bazaar.
 12126 | Bazaar   | Entered a bazaar
 12129 | Bazaar   | Found Bis Buz's Gadget Shop.
 12173 | Bazaar   | Found Huzicliv's Magic Scroll Boutique.
 12173 | Bazaar   | Found Zaxzugg's Armour Shop.
 12194 | Bazaar   | Found Wievet's Food Shop.
 12213 | Bazaar   | Bought a scroll of fog for 22 gold pieces
 12213 | Bazaar   | Bought a scroll of magic mapping for 38 gold pieces
 12213 | Bazaar   | Bought a scroll of magic mapping for 38 gold pieces
 12291 | D:11     | Found a staircase to the Lair.
 12338 | D:11     | Noticed a hill giant
 12348 | D:11     | Killed a hill giant
 12583 | D:11     | HP: 2/70 [poisoned by a guardian serpent (bolt of poison)]
 12587 | D:11     | Succumbed to a guardian serpent's bolt of poison

Vault maps used:
D:1:      dpeg_arrival_water_temple_mockup, corexii_corridor_pit
D:2:      uniq_robin
D:3:      first_bread, uniq_natasha, uniq_terence, uniq_jessica
D:4:      vehumet_altar_wand_db
D:5:      portal_sewer_entry_e, serial_shops, shop
D:6:      nicolae_overflow_quartered_altars, grunt_temple_overflow_open,
          eino_small_chamber_without_monster
D:7:      trog_ov_bears_minmay
D:8:      enter_bailey_8
D:10:     serial_shops, shop, hangedman_fish_farm
D:11:     lair_0_dummy, serial_shops, bzr_entry_gold, glass_columns_a,
          nrook_guardian_serpent_ordinary
Temple:   regret_index_temple_generic_petals
Bazaar:   bazaar_jpeg_honeycomb
Sewer:    sewer_co_cracked_pipes
Bailey:   bailey_axe_2, bailey

Skill      XL: |  1  2  3  4  5  6  7  8  9 10 |
---------------+-------------------------------+-----
Transmutations | 2 3 4 5 7 8 |  8.3
Dodging        | 2 3 4 5 6 7 |  7.4
Unarmed Combat | 3 4 6 7 9 10 | 10.8
Spellcasting   | 3 |  3.7
Invocations    | 5 |  5.8
Fighting       | |  1.0

Action                   |  1- 3 |  4- 6 |  7- 9 | 10-12 || total
-------------------------+-------+-------+-------+-------++-------
Melee: Unarmed           |    79 |    38 |   516 |   391 ||  1024
       Kick              |    24 |    12 |    50 |    75 ||   161
       Headbutt          |    16 |     2 |       |       ||    18
       Dagger            |    66 |     9 |       |       ||    75
       Whip              |       |    45 |     2 |       ||    47
       Punch             |       |     1 |    17 |    15 ||    33
 Fire: Hunting sling     |       |    87 |       |       ||    87
       Blowgun           |       |     2 |    25 |    12 ||    39
Throw: Stone             |       |     7 |       |       ||     7
 Cast: Beastly Appendage |    24 |       |       |       ||    24
       Sticks to Snakes  |     3 |     6 |     8 |     2 ||    19
       Spider Form       |     1 |     9 |    28 |    12 ||    50
       Blade Hands       |       |       |     1 |       ||     1
 Abil: End Transformatio |       |       |     2 |     2 ||     4
Evoke: Wand              |       |       |    10 |    13 ||    23
       Lamp of fire      |       |       |       |     1 ||     1
  Use: Scroll            |     2 |     6 |    17 |     8 ||    33
       Potion            |       |       |     6 |     7 ||    13
 Stab: Sleeping          |       |     1 |     6 |       ||     7
       Distracted        |       |       |     1 |     1 ||     2
  Eat: Chunk             |     3 |     8 |    25 |    37 ||    73
       Pizza             |       |       |     2 |       ||     2
       Bread ration      |       |       |     1 |       ||     1
Armor: Robe              |    18 |     3 |       |       ||    21
       Animal skin       |       |    39 |    71 |     4 ||   114
       Skin              |       |     3 |     8 |     3 ||    14
       Leather armour    |       |       |       |    60 ||    60
Dodge: Dodged            |    79 |   109 |   467 |   275 ||   930
